Match 45672688
Unlisted

Match 45672688
End
Vickers Machine Gun Team
Construct Section Command Post
Selects Indian Artillery Battlegroup
Infantry Section
Infantry Section
Grenade Package
Infantry Section
Selects Towed ML 4.2-inch Heavy Mortar
Construct Platoon Command Post
Humber Armored Car
6-pounder Anti-tank Gun Team
Vickers Machine Gun Team
Radeo
Latrinenzombie
Oncle-Hô
thugga
不抗打玩什么德军
KellySlayer
嗷呜嗷
Zaadschieter
0
0

Comments sign in to comment!

No comments posted yet!